 Dungeon Crawl Stone Soup version 0.30-a0-743-gbfdf073 (webtiles) character file.

Game seed: 9058462247683173109

100 Illumine the Firebug (level 4, -1/33 HPs)
             Began as a Demigod Fire Elementalist on Feb 6, 2023.
             Killed by divine providence
             ... invoked by an orc priest
              (13 damage)
             ... on level 4 of the Dungeon.
             The game lasted 00:03:50 (2999 turns).

Illumine the Firebug (Demigod Fire Elementalist)    Turns: 2999, Time: 00:03:51

Health: -1/33      AC:  4    Str:  9    XL:     4   Next: 23%
Magic:  10/10      EV: 12    Int: 21    God:
Gold:   125        SH:  0    Dex: 14    Spells: 2/8 levels left

rFire   . . .      SeeInvis +    q - +1 dagger (elec)
rCold   . . .      Faith    .    (no shield)
rNeg    . . .      Spirit   .    a - +0 robe
rPois   .          Reflect  .    e - +0 helmet {SInv}
rElec   .          Harm     .    (no cloak)
rCorr   .          Rampage  .    g - +0 pair of gloves
Will    .....                    (no boots)
Stlth   ++                       i - amulet of magic regeneration
HPRegen 0.25/turn                (no ring)
MPRegen 0.52/turn                (no ring)

@: no status effects
A: high MP 1, forlorn, divine attributes
a: no special abilities


You were on level 4 of the Dungeon.
You visited 1 branch of the dungeon, and saw 4 of its levels.

You collected 125 gold pieces.

Inventory:

Hand Weapons
 q - a +1 dagger of electrocution (weapon)
Armour
 a - a +0 robe (worn)
 e - a +0 helmet of see invisible (worn)
 g - a +0 pair of gloves (worn)
 r - a +2 ring mail of poison resistance
Jewellery
 i - an amulet of magic regeneration (around neck)
Scrolls
 d - 2 scrolls of identify {unknown}
 f - a scroll of butterflies {unknown}
 h - a scroll of brand weapon {unknown}
 j - 5 scrolls of blinking {unknown}
 l - 2 scrolls of magic mapping {unknown}
 m - a scroll of fog {unknown}
 n - a scroll of fear {unknown}
 p - a scroll of immolation {unknown}
Potions
 b - a potion of magic
 c - 4 potions of lignification {unknown}
 k - a potion of mutation {unknown}
 o - 3 potions of curing {unknown}


   Skills:
 - Level 1.8 Dodging
 - Level 1.8 Stealth
 + Level 2.5 Spellcasting
 + Level 2.1 Conjurations
 + Level 0.5 Translocations
 + Level 3.4 Fire Magic
 + Level 0.6 Air Magic


You had 2 spell levels left.
You knew the following spells:

 Your Spells              Type           Power      Damage    Failure   Level
a - Foxfire               Conj/Fire      56%        2x1d6     4%          1
b - Scorch                Fire           34%        2d6       4%          2
c - Kindle Blastsparks    Fire/Tloc/Air  18%        2d11      22%         3

Your spell library contained the following spells:

 Spells                   Type           Power      Damage    Failure   Level
 Freeze                   Ice            8%         1d3       14%         1
 Inner Flame              Hex/Fire       9%         N/A       21%         3
 Hailstorm                Conj/Ice       7%         3d4       26%         3
 Frozen Ramparts          Ice            4%         1d1       38%         3
 Flame Wave               Conj/Fire      14%        2d6       41%         4
 Manifold Assault         Tloc           5%         N/A       73%         4
 Dispersal                Tloc           2%         N/A       100%        6
 Disjunction              Tloc           2%         N/A       100%        8


Dungeon Overview and Level Annotations

Branches:
Dungeon (4/15)
 Temple: D:4-7

Shops:
D:2 (   D:3 =


Innate Abilities, Weirdness & Mutations

You have an increased reservoir of magic. (+10% MP)
You shall have no god before yourself.
Your divine heritage dramatically boosts your attributes as you level up.


Message History

a +0 club; a goblin corpse
Found a stone staircase leading up.
You hear the slow rusting of a very distant drain.
Things that are here:
a +0 club; a goblin corpse
Things that are here:
a +0 dagger; a goblin corpse
Things that are here:
a +0 short sword; a +0 animal skin; a +0 helmet of see invisible
e - a +0 helmet of see invisible You start putting on your armour.
You continue putting on your +0 helmet of see invisible. x4
You finish putting on your +0 helmet of see invisible.
You feel perceptive.
You now have 125 gold pieces (gained 8).
o - 3 bubbling coppery potions (gained 1)
You see here a +2 ring mail of poison resistance.
You see here a +2 ring mail of poison resistance.
r - a +2 ring mail of poison resistance You hear the slow rusting of a very distant drain.
Found a long sword.
You see here a +0 long sword.
An orc priest and an orc come into view.
The orc priest shouts!
You hear a shout!
An orc priest comes into view. It is wielding a +0 club.
The orc priest looks encouraged for a moment.
Casting: Foxfire (safe; 4% risk of failure)
Confirm with . or Enter, or press ? or * to list all spells.
You conjure some foxfire!
The foxfire hits the orc priest.
The orc priest is heavily wounded.
The foxfire hits the orc but does no damage.
The orc priest mumbles some strange prayers to Beogh against you.
Beogh smites you! The orc closely misses you.
The orc priest calls down the wrath of Beogh upon you.
Beogh smites you!
The orc priest mumbles some strange prayers to Beogh against you.
Beogh smites you!
You die...

#........ ##
#....##~# #
##..# #≈≈ #
#.oo#≈≈≈≈≈ #
#..##≈#≈≈#≈~#
#
#).#≈≈≈≈≈≈≈≈#
#
#..~≈#≈≈≈#≈≈#
# #..##≈≈≈≈≈≈#
# #..@#≈≈#≈≈≈≈
# #...~##≈≈#
.. #
#.....~~##....
#
#.............
#
#.####.###...#
. #....#.# .
####.#.##### #
#.......# .#
#.......###.##


You could see an orc priest.

Vanquished Creatures
  Robin (D:4)
  An adder (D:3)
  A worm (D:3)
  2 dart slugs (D:1)
  4 ball pythons
  9 endoplasms
  18 goblins
  12 hobgoblins
  4 quokkas
  2 bats
  3 frilled lizards
  3 kobolds (D:3)
  A rat (D:1)
61 creatures vanquished.

Vanquished Creatures (others)
  170 foxfires
170 creatures vanquished.

Grand Total: 231 creatures vanquished

Notes
Turn   | Place    | Note
-------+----------+-------------------------------------------
     0 | D:1      | Illumine the Demigod Fire Elementalist began the quest for
                  | the Orb.
     0 | D:1      | Reached XP level 1. HP: 14/14 MP: 5/5
   147 | D:1      | Reached skill level 1 in Conjurations
   428 | D:1      | Reached XP level 2. HP: 20/20 MP: 5/7
   645 | D:1      | Learned a level 2 spell: Scorch
   739 | D:1      | Reached skill level 3 in Fire Magic
   873 | D:2      | Found Xanuexko's Antique Weapon Emporium.
  1808 | D:3      | Reached XP level 3. HP: 17/26 MP: 0/9
  1909 | D:3      | Learned a level 3 spell: Kindle Blastsparks
  1916 | D:3      | Found Wyrim's Jewellery Emporium.
  2885 | D:4      | Reached XP level 4. HP: 33/33 MP: 10/10
  2888 | D:4      | Noticed Robin
  2895 | D:4      | Killed Robin
  2999 | D:4      | Killed from afar by an orc priest

Illustrated notes

Levels and vault maps discovered:
D:1:      wander_arrival_lonely_grave, layout_loops_cross
D:2:      layout_basic, dreamdust_ecumenical_altar_grove, serial_shops,
          nicolae_shop_stone, dk_noncrumbling_4
D:3:      layout_basic, mainiacjoe_overflow_alcove_1, serial_shops,
          nicolae_square_shop, serial_glass, glass_columns_a, glass_columns_a,
          item_on_display_a, due_unseen_surprise, minmay_goblin_outpost
D:4:      layout_loops_ring, mainiacjoe_overflow_surrounded_room,
          grunt_qazlal_sundering, minmay_temple_entry_proselytizer,
          cheibrodos_sewer_entry_drain, hex_large, corexii_corridor_pit,
          minivault_4, uniq_robin

Skill      XL: |  1  2  3 |
---------------+----------+-----
Conjurations   | 1 2 |  2.1
Spellcasting   | 2 |  2.5
Fire Magic     | 3 |  3.4
Dodging        | |  1.8
Stealth        | |  1.8
Translocations | |  0.5
Air Magic      | |  0.6

Action                     |  1- 3 |  4- 6 || total
---------------------------+-------+-------++-------
  Melee: Short sword       |     5 |       ||     5
   Cast: Foxfire           |    92 |     7 ||    99
         Scorch            |     6 |     2 ||     8
 Armour: Robe              |     6 |     1 ||     7
  Dodge: Dodged            |    17 |     2 ||    19

Table legend: (Time is in decaauts)
 A = Elapsed time spent in this place.
 B = Non-inter-level travel time spent in this place.
 C = Inter-level travel time spent in this place.
 D = Time resting spent in this place.
 E = Time spent auto-exploring this place.
 F = Levels seen in this place.
 G = Mean time per level.
                   A        B        C        D        E       F      G
               +--------+--------+--------+--------+--------+-----+--------+
         Total |   2997 |   2929 |     68 |     36 |   2393 |   4 |  749.2 |
       Dungeon |   2997 |   2929 |     68 |     36 |   2393 |   4 |  749.2 |
               +--------+--------+--------+--------+--------+-----+--------+

Top non-repeatable levels by time:
     D:3: 1191 daAuts
     D:1: 820 daAuts
     D:2: 764 daAuts
     D:4: 220 daAuts
